 Dungeon Crawl Stone Soup version 0.30-a0-755-g0b50240ab4 (webtiles) character file.

Game seed: 9222046164332043277

1061 Rrauwl the Skirmisher (level 8, -1/44 HPs)
             Began as a Deep Elf Hunter on Feb 9, 2023.
             Was an Initiate of Fedhas.
             Killed by divine providence
             ... invoked by an orc priest
              (15 damage)
             ... on level 5 of the Dungeon.
             The game lasted 00:14:37 (3307 turns).

Rrauwl the Skirmisher (Deep Elf Hunter)             Turns: 3307, Time: 00:14:38

Health: -1/44      AC:  3    Str: 10    XL:     8   Next: 6%
Magic:  10/10      EV: 17    Int: 15    God:    Fedhas [......]
Gold:   203        SH:  0    Dex: 18    Spells: 7/7 levels left

rFire   . . .      SeeInvis .    b - +0 shortbow
rCold   . . .      Faith    .    (shield currently unavailable)
rNeg    . . .      Spirit   .    c - +0 leather armour
rPois   .          Reflect  .    (no helmet)
rElec   .          Harm     .    (no cloak)
rCorr   .          Rampage  .    (no gloves)
Will    .....                    (no boots)
Stlth   ++                       (no amulet)
HPRegen 0.27/turn                l - +5 ring of evasion
MPRegen 0.12/turn                (no ring)

@: no status effects
A: no striking features
a: Renounce Religion


You were on level 5 of the Dungeon.
You worshipped Fedhas.
Fedhas was noncommittal.
You visited 2 branches of the dungeon, and saw 6 of its levels.

You collected 242 gold pieces.
You spent 39 gold pieces at shops.

Inventory:

Hand Weapons
 a - a +0 short sword of venom
 b - a +0 shortbow (weapon)
Armour
 c - a +0 leather armour (worn)
Jewellery
 l - a +5 ring of evasion (left hand)
Wands
 f - a wand of light (5)
Scrolls
 e - a scroll of immolation
 g - 3 scrolls of magic mapping
 h - a scroll of identify
 m - 3 scrolls of teleportation
Potions
 i - 2 potions of flight


   Skills:
 - Level 2.0 Fighting
 + Level 12.8 Ranged Weapons
 - Level 3.0 Dodging
 - Level 2.0 Stealth


You had 7 spell levels left.
You didn't know any spells.
Your spell library contained the following spells:

 Spells                   Type           Power      Damage    Failure   Level
 Foxfire                  Conj/Fire      0%         2x1d4     36%         1
 Shock                    Conj/Air       0%         1d3       36%         1
 Searing Ray              Conj           0%         2d4       50%         2
 Swiftness                Air            0%         N/A       73%         3
 Airstrike                Air            0%         2d(0-16)  98%         4
 Fireball                 Conj/Fire      0%         3d3       100%        5
 Starburst                Conj/Fire      0%         6d3       100%        6
 Ignition                 Fire           0%         3d3       100%        8


Dungeon Overview and Level Annotations

Branches:
Dungeon (5/15)             Temple (1/1) D:5

Altars:
Ashenzari
Cheibriados
Dithmenos
Elyvilon
Fedhas
Gozag
Kikubaaqudgha
Makhleb
Okawaru
Qazlal
Ru
Sif Muna
Uskayaw
Vehumet
Yredelemnul
Zin
The Shining One

Shops:
D:2 ?   D:4 [


Message History

You shoot an arrow.
The arrow closely misses the orc priest.
The orc priest calls down the wrath of Beogh upon you.
Beogh smites you!
* * * LOW HITPOINT WARNING * * *
You are too injured to fight recklessly!
Fire: b) +0 shortbow
Press: ? - help, Q - select action, (/) - cycle Shift-Dir - straight line, f/p - orc priest
Aim: an orc priest, wielding a +0 dagger and wearing a +0 ring mail (71% to hit)
You shoot an arrow.
The arrow closely misses the orc priest.
Fire: b) +0 shortbow
Press: ? - help, Q - select action, (/) - cycle Shift-Dir - straight line, f/p - orc priest
Aim: an orc priest, wielding a +0 dagger and wearing a +0 ring mail (71% to hit)
You shoot an arrow. The arrow hits the orc priest.
The orc priest is moderately wounded.
Fire: b) +0 shortbow
Press: ? - help, Q - select action, (/) - cycle Shift-Dir - straight line, f/p - orc priest
Aim: an orc priest, wielding a +0 dagger and wearing a +0 ring mail (moderately wounded, 71% to hit)
You shoot an arrow. The arrow hits the orc priest.
The orc priest is severely wounded.
The orc priest calls down the wrath of Beogh upon you.
You struggle to resist.
A black bear comes into view.
Fire: b) +0 shortbow
Press: ? - help, Q - select action, (/) - cycle Shift-Dir - straight line, f/p - orc priest
Aim: an orc priest, wielding a +0 dagger and wearing a +0 ring mail (severely wounded, 71% to hit)
You shoot an arrow. The arrow barely misses the orc priest.
The arrow hits the black bear.
The black bear is lightly wounded.
Fire: b) +0 shortbow
Press: ? - help, Q - select action, (/) - cycle Shift-Dir - straight line, f/p - orc priest
Aim: an orc priest, wielding a +0 dagger and wearing a +0 ring mail (severely wounded, 71% to hit)
You shoot an arrow.
The arrow hits the orc priest but does no damage.
The orc priest is severely wounded.
The orc priest mumbles some strange prayers to Beogh against you.
Beogh smites you!
You die...
Fedhas appreciates your contribution to the ecosystem.

#### #
.##o #.
..##. #.
♣..## #..
♣♣♣).)#
#.♣♣♣..oh#
#.......#
#.@..#
######


You could see a black bear and an orc priest.

Vanquished Creatures
  Sigmund (D:3)
  A black bear (D:4)
  The ghost of wpisznazwe the Slasher, an amateur DsGl (D:4)
  3 scorpions
  A killer bee (D:5)
  A gnoll bouda (D:5)
  2 orc priests (D:4)
  3 hounds
  An iguana (D:5)
  Ijyb (D:3)
  4 orc wizards
  3 gnolls (D:5)
  A river rat (D:4)
  2 adders (D:4)
  5 worms
  2 dart slugs (D:1)
  9 orcs
  4 endoplasms
  6 giant cockroaches
  9 goblins
  8 hobgoblins
  10 jackals
  8 kobolds
  5 quokkas
  7 ball pythons
  4 bats
  5 frilled lizards
  A jackal zombie (D:3)
  A kobold zombie (D:3)
  9 rats
118 creatures vanquished.

Vanquished Creatures (others)
  A human (D:3)
  An orc priest (D:3)
  Natasha (D:3)
  An adder (D:3)
  2 orcs (D:3)
  A rat (D:3)
  8 plants (D:4)
15 creatures vanquished.

Grand Total: 133 creatures vanquished

Notes
Turn   | Place    | Note
-------+----------+-------------------------------------------
     0 | D:1      | Rrauwl the Deep Elf Hunter began the quest for the Orb.
     0 | D:1      | Reached XP level 1. HP: 12/12 MP: 3/3
    93 | D:1      | Reached XP level 2. HP: 17/17 MP: 4/4
   414 | D:2      | Reached XP level 3. HP: 21/21 MP: 5/5
   448 | D:2      | Found Fugapsav's Magic Scroll Emporium.
   457 | D:2      | Found a stormy altar of Qazlal.
   459 | D:2      | Bought a scroll of teleportation for 39 gold pieces
   513 | D:2      | Reached skill level 6 in Ranged Weapons
   688 | D:2      | Noticed an eye of devastation
   690 | D:2      | Found a faded altar of an unknown god.
   693 | D:2      | Noticed a floating eye
   693 | D:2      | Noticed a golden eye
   693 | D:2      | Noticed a floating eye
   773 | D:2      | Got Ryages's Essays on Percussion and Oxidation
  1006 | D:3      | Found a runed translucent door.
  1006 | D:3      | Noticed a human
  1009 | D:3      | Found a basalt altar of Yredelemnul.
  1093 | D:3      | Reached XP level 4. HP: 26/26 MP: 6/6
  1244 | D:3      | Noticed a scorpion
  1349 | D:3      | Noticed Sigmund
  1368 | D:3      | Killed Sigmund
  1369 | D:3      | Reached skill level 8 in Ranged Weapons
  1369 | D:3      | Reached XP level 5. HP: 18/30 MP: 7/7
  1436 | D:3      | Reached skill level 9 in Ranged Weapons
  1436 | D:3      | Reached XP level 6. HP: 22/35 MP: 8/8
  1445 | D:3      | Killed Natasha
  1646 | D:3      | Noticed Ijyb
  1656 | D:3      | Killed Ijyb
  1658 | D:3      | Killed a human
  2156 | D:4      | Reached skill level 10 in Ranged Weapons
  2239 | D:4      | Found a runed translucent door.
  2245 | D:4      | Noticed wpisznazwe's ghost (amateur DsGl)
  2303 | D:4      | Found a runed translucent door.
  2331 | D:4      | Killed wpisznazwe's ghost
  2332 | D:4      | Reached XP level 7. HP: 37/40 MP: 9/9
  2447 | D:4      | Reached skill level 11 in Ranged Weapons
  2713 | D:4      | Found a burning altar of Makhleb.
  2719 | D:4      | Found Jexami's Armour Emporium.
  2871 | D:5      | Entered Level 5 of the Dungeon
  2876 | D:5      | Reached skill level 12 in Ranged Weapons
  3027 | D:5      | Found a staircase to the Ecumenical Temple.
  3186 | Temple   | Entered the Ecumenical Temple
  3222 | Temple   | Became a worshipper of Fedhas Madash
  3258 | D:5      | Reached XP level 8. HP: 44/44 MP: 10/10
  3307 | D:5      | Killed from afar by an orc priest

Illustrated notes

Levels and vault maps discovered:
D:1:      sevenhm_arrival_forest_fort_small_6, layout_rooms, serial_glass,
          glass_columns_c, glass_columns_b
D:2:      layout_rooms, hellmonk_ecumenical_altar_watching_god, serial_shops,
          nicolae_shop_competitors_out_of_business, basic_altar
D:3:      layout_loops_corners, dk_yredelemnul_ordeal,
          nicolae_concentric_dashed_squares_wild, minmay_between, uniq_ijyb,
          uniq_sigmund, uniq_natasha
D:4:      layout_rooms, makhleb_heckhound_becter, serial_shops, shop_fountains,
          serial_forest, infiniplex_forest_lined_ring,
          infiniplex_forest_clump_double, infiniplex_forest_clump_tiny,
          infiniplex_forest_zigzag_1, infiniplex_forest_straight_3,
          infiniplex_forest_lined_corner, ebering_ghost_sewer_f,
          hangedman_feature_mirror, nrook_uturn
D:5:      layout_basic, mainiacjoe_overflow_two_lobes,
          minmay_temple_entry_sparse_star
Temple:   minmay_freezing_vapour_temple

Skill      XL: |  1  2  3  4  5  6  7 |
---------------+----------------------+-----
Stealth        | 2 |  2.0
Fighting       | 2 |  2.0
Dodging        | 3 |  3.0
Ranged Weapons | 6 8 9 10 12 | 12.8

Action                     |  1- 3 |  4- 6 |  7- 9 || total
---------------------------+-------+-------+-------++-------
  Melee: Short sword       |       |     8 |       ||     8
   Fire: Shortbow          |    99 |   133 |   133 ||   365
    Use: Scroll            |     6 |     1 |     3 ||    10
         Potion            |       |     8 |     2 ||    10
 Armour: Leather armour    |     5 |     3 |    12 ||    20
  Dodge: Dodged            |    21 |    51 |    56 ||   128

Table legend: (Time is in decaauts)
 A = Elapsed time spent in this place.
 B = Non-inter-level travel time spent in this place.
 C = Inter-level travel time spent in this place.
 D = Time resting spent in this place.
 E = Time spent auto-exploring this place.
 F = Levels seen in this place.
 G = Mean time per level.
                   A        B        C        D        E       F      G
               +--------+--------+--------+--------+--------+-----+--------+
         Total |   3320 |   3184 |    136 |      0 |   2452 |   6 |  553.3 |
       Dungeon |   3276 |   3140 |    136 |      0 |   2442 |   5 |  655.2 |
        Temple |     43 |     43 |      0 |      0 |     10 |   1 |   43.0 |
               +--------+--------+--------+--------+--------+-----+--------+

Top non-repeatable levels by time:
     D:3: 1186 daAuts
     D:4: 724 daAuts
     D:2: 568 daAuts
     D:1: 409 daAuts
     D:5: 388 daAuts
  Temple: 43 daAuts
